 Dungeon Crawl Stone Soup version 0.29.1-12-g30fa7ad0bf (webtiles) character file.

Game seed: 9800677652182679802

19 RapScallion the Trooper (level 2, 0/24 HPs)
             Began as a Human Fighter on Jan 15, 2023.
             Succumbed to a kobold's poison
             ... on level 1 of the Dungeon.
             The game lasted 00:03:12 (886 turns).

RapScallion the Trooper (Human Fighter)              Turns: 886, Time: 00:03:12

Health: 0/24       AC:  6    Str: 15 (16) XL:     2   Next: 95%
Magic:  2/2        EV:  8    Int:  7 (8)  God:
Gold:   9          SH:  4    Dex:  9 (12) Spells: 1/1 levels left

rFire   . . .      SeeInvis .   h - +1 whip (venom)
rCold   . . .      Faith    .   c - +0 buckler
rNeg    . . .      Spirit   .   b - +0 scale mail
rPois   .          Reflect  .   (no helmet)
rElec   .          Harm     .   (no cloak)
rCorr   .          Rampage  .   (no gloves)
Will    .....                   (no boots)
Stlth   ..........              (no amulet)
HPRegen 0.08/turn               (no ring)
MPRegen 0.08/turn               (no ring)

@: brilliant, lethally poisoned (0 -> -8)
A: no striking features
a: no special abilities


You were on level 1 of the Dungeon.
You visited 1 branch of the dungeon, and saw 1 of its levels.

You collected 9 gold pieces.

Inventory:

Hand Weapons
 a - a +0 war axe
 h - a +1 whip of venom (weapon)
Armour
 b - a +0 scale mail (worn)
 c - a +0 buckler (worn)
Scrolls
 e - 4 scrolls of identify {unknown}
 g - a scroll of fear {unknown}
Potions
 d - a potion of might


   Skills:
 + Level 3.3 Fighting
 + Level 2.1 Axes
 + Level 3.1 Armour
 + Level 3.3 Shields


You had one spell level left.
You didn't know any spells.
Your spell library was empty.

Dungeon Overview and Level Annotations

Branches:
Dungeon (1/15)

Altars:


Message History

You hit the giant cockroach.
The giant cockroach is poisoned.
The giant cockroach is almost dead.
You kill the giant cockroach!
e - 4 scrolls labelled OHEWOB NYLI (gained 1)
You start waiting.
A kobold comes into view. It is wielding a +1 whip of venom.
You hit the kobold but do no damage.
The kobold hits you with a +1 whip of venom.
You are poisoned.
You hit the kobold.
The kobold is poisoned.
The kobold is moderately wounded.
You feel very sick. The kobold hits you but does no damage.
You are more poisoned.
You hit the kobold but do no damage.
The kobold is heavily wounded.
You feel very sick. The kobold hits you but does no damage.
You are lethally poisoned!
You hit the kobold.
You kill the kobold!
You feel very sick.
There is a lethal amount of poison in your body!
You feel very sick.
Things that are here:
a +1 whip of venom; a kobold corpse
There is a lethal amount of poison in your body!
There is a lethal amount of poison in your body!
It was a potion of degeneration.
There was something very wrong with that liquid.
You feel weakened.
You feel dopey.
You feel clumsy.
* * * LOW HITPOINT WARNING * * *
You feel very sick.
It was a potion of brilliance.
You feel clever all of a sudden.
* * * LOW HITPOINT WARNING * * *
You feel very sick.
Unknown command.
Unknown command.
You die...

#.# #....<... #.#
#........ ####
#.# #.##.......
...# #.# .#
#.....## ##.# #.#
..# #...#### #.#
#.#######..
...#####.. #.#
#.##............
###### #.#
###....#.##...###
# #.#
#.)....)@.....# #
##.#
#.######.##.### #
...## ##.## #.# #
..†.# ##...## #.#
#. ##
###.###.....##
#.# ##.# #.
#..........# #.#
###...###.
####.##......#
#.# ......##.
.....###...#.#
#.# #....##.
############.#
#.#.##.


There were no monsters in sight!

Vanquished Creatures
  2 endoplasms (D:1)
  A giant cockroach (D:1)
  3 hobgoblins (D:1)
  3 kobolds (D:1)
  2 quokkas (D:1)
  2 ball pythons (D:1)
  2 bats (D:1)
  A frilled lizard (D:1)
16 creatures vanquished.

Notes
Turn   | Place    | Note
-------+----------+-------------------------------------------
     0 | D:1      | RapScallion the Human Fighter began the quest for the Orb.
     0 | D:1      | Reached XP level 1. HP: 18/18 MP: 1/1
   193 | D:1      | Reached XP level 2. HP: 24/24 MP: 2/2
   886 | D:1      | Succumbed to a kobold's poison

Illustrated notes

Levels and vault maps discovered:
D:1:      spicycebolla_green_bress_n_ham, layout_loops_ring

Action                   || total
-------------------------++-------
Melee: War axe           ||    33
       Whip              ||    10
  Use: Potion            ||     2
Armor: Scale mail        ||    21
Dodge: Dodged            ||    24
Block: Buckler           ||     8
